 Dungeon Crawl Stone Soup version 0.30-b1-2-g02819fbbbe (webtiles) character file.

Game seed: 7419205262500557683

1465 MajorAdolf the Carver (level 8, -4/68 HPs)
             Began as a Naga Wanderer on Sept 21, 2023.
             Slain by a gnoll
             ... wielding a +0 club
             ... led by a gnoll bouda
              (7 damage)
             ... on level 6 of the Dungeon.
             The game lasted 00:11:46 (6829 turns).

MajorAdolf the Carver (Naga Wanderer)               Turns: 6829, Time: 00:11:46

Health: -4/68      AC:  6    Str: 19    XL:     8   Next: 77%
Magic:  8/8        EV:  9    Int: 14    God:
Gold:   440        SH:  0    Dex:  8    Spells: 7/7 levels left

rFire   . . .        a - +2 falchion
rCold   . . .        (no shield)
rNeg    . . .        f - +0 leather armour
rPois   +            E - +1 helmet {Int+3}
rElec   .            (no cloak)
rCorr   .            (no gloves)
SInv    +            (no barding)
Will    ++...        (no amulet)
Stlth   +            (no ring)
HPRegen 0.31/turn    I - ring of willpower
MPRegen 0.11/turn

%: no passive effects
@: short of breath, weakened, attractive, hasted, quick
A: AC +2, large, see invisible, deformed body, poison resistance, slowness 2,
spit poison 1, naga tail 1, dopey 1, robust 1, screaming 1
a: Spit Poison


You were on level 6 of the Dungeon.
You visited 2 branches of the dungeon, and saw 7 of its levels.

You collected 440 gold pieces.

Inventory:

Hand Weapons
 a - a +2 falchion (weapon)
 b - a +0 mace
 d - a +0 dagger
 t - a +0 short sword of protection
 D - a +4 dagger of draining
Missiles
 c - 10 poisoned darts (quivered)
 s - 6 javelins
Armour
 f - a +0 leather armour (worn)
 g - a +0 helmet
 E - a +1 helmet of intelligence (worn)
Magical Staves
 k - a staff of air
Jewellery
 p - a ring of ice
 y - a ring of fire
 I - a ring of willpower (right hand)
Wands
 e - a wand of acid (7)
 A - a wand of flame (23)
Scrolls
 j - a scroll of enchant weapon {unknown}
 m - 7 scrolls of identify {unknown}
 n - a scroll of butterflies {unknown}
 o - 5 scrolls of teleportation {unknown}
 q - a scroll of poison {unknown}
 x - 4 scrolls of magic mapping {unknown}
 z - a scroll of enchant armour {unknown}
 B - 2 scrolls of fog {unknown}
 C - a scroll of torment {unknown}
 F - 2 scrolls of amnesia {unknown}
Potions
 h - a potion of mutation
 i - 2 potions of haste
 l - 2 potions of attraction
 r - 2 potions of flight {unknown}
 u - a potion of heal wounds {unknown}
 v - a potion of invisibility {unknown}
 w - a potion of brilliance {unknown}
 G - a potion of berserk rage {unknown}
 H - a potion of magic {unknown}
 J - a potion of degeneration {unknown}


   Skills:
 + Level 11.2 Long Blades
 - Level 2.0 Maces & Flails
 - Level 2.6 Throwing
 - Level 1.0 Armour
 + Level 1.2 Evocations


You had 7 spell levels left.
You didn't know any spells.
Your spell library contained the following spells:

 Spells                   Type           Power      Damage    Failure   Level
 Cigotuvi's Dreadful Rot  Necr/Pois/Air  0%         N/A       45%         2
 Gell's Gravitas          Tloc           0%         N/A       71%         3
 Teleport Other           Tloc           0%         N/A       71%         3
 Dispel Undead            Necr           0%         3d6       98%         4
 Leda's Liquefaction      Hex/Erth       0%         N/A       98%         4
 Lee's Rapid Deconstruct  Erth           0%         3d4*      100%        5
 Death Channel            Necr           0%         N/A       100%        6
 Dispersal                Tloc           0%         N/A       100%        6
 Statue Form              Tmut/Erth      0%         N/A       100%        6


Dungeon Overview and Level Annotations

Branches:
Dungeon (6/15)             Temple (1/1) D:4

Altars:
Ashenzari
Cheibriados
Elyvilon
Fedhas
Hepliaklqana
Kikubaaqudgha
Nemelex Xobeh
Okawaru
Qazlal
Sif Muna
Trog
Vehumet
Wu Jian
Xom
Yredelemnul
Zin
The Shining One

Shops:
D:4 (

Annotations:
D:4 1 runed translucent door, exclusion: downstairs, Crazy Yiuf


Innate Abilities, Weirdness & Mutations

Your serpentine skin is tough. (AC +2)
You have supernaturally acute eyesight. (SInv)
Armour fits poorly on your strangely shaped body.
Your system is resistant to poisons. (rPois)
You cover ground very slowly.
You can spit poison.
You have a snake-like lower body.
You are dopey. (Int -2)
You are robust. (+10% HP)
You occasionally shout uncontrollably at your foes.


Message History

You completely miss the centaur.
The centaur is severely wounded.
The centaur hits you.
* * * LOW HITPOINT WARNING * * *
The centaur barely misses you.
You closely miss the centaur.
The centaur is severely wounded.
The centaur hits you.
* * * LOW HITPOINT WARNING * * *
The centaur kicks you but does no damage.
Unknown command.
You hit the centaur.
The centaur is almost dead.
The gnoll is no longer moving quickly.
The centaur completely misses you.
The centaur kicks you but does no damage.
You slash the centaur!
You kill the centaur!
Your Evocations skill increases to level 1!
You slash the gnoll!
The gnoll is severely wounded.
The gnoll barely misses you.
Unknown command.
Aiming: Spit Poison (1% risk of failure)
Press: ? - help, Shift-Dir - straight line, f - gnoll
Aim: a gnoll, wielding a +0 club (severely wounded, 69% to hit)
The splash of poison misses the gnoll.
The gnoll hits you with a +0 club.
* * * LOW HITPOINT WARNING * * *
The gnoll bouda calls upon its god to heal the gnoll.
The gnoll is healed somewhat.
It was a potion of mutation.
You feel extremely strange.
You feel the urge to shout.
You feel stupid.
You feel robust. The gnoll barely misses you.
It was a potion of haste.
You feel yourself speed up. The gnoll hits you but does no damage.
The gnoll bouda gazes fiercely through you!
You feel your attacks grow feeble.
It was a potion of attraction.
You feel attractive to monsters. The gnoll hits you with a +0 club!
You die...

.......# #.....#
.......# #.(...#
.......###########.....#
.......'...........(...+
.......####............#
.......................#
.......................#
......).....####.#.....#
#######.....# #@#.....#
#.....# ##g#######
#.....# #.g# #.....#
#.#g...... #.....#...
g.$.... ...## .......
..### ....g.g . .......
...[...


You could see a gnoll bouda and 3 gnolls.

Vanquished Creatures
  An orc warrior (D:5)
  3 black bears (D:5)
  An ice beast (D:5)
  2 ogres (D:5)
  A centaur (D:6)
  4 scorpions (D:5)
  A howler monkey (D:5)
  A jelly (D:5)
  2 hounds (D:5)
  An iguana (D:5)
  Ijyb (D:3)
  2 orc wizards
  Natasha (thrice) (D:2)
  A sleepcap (D:5)
  4 gnolls
  6 adders
  2 worms
  2 dart slugs
  11 orcs
  3 bats
  4 endoplasms
  3 giant cockroaches
  14 goblins
  8 hobgoblins
  12 jackals
  10 kobolds
  4 quokkas
  7 ball pythons
  2 frilled lizards
  4 rats
  2 butterflies
122 creatures vanquished.

Vanquished Creatures (others)
  3 plants (D:4)
3 creatures vanquished.

Grand Total: 125 creatures vanquished

Notes
Turn   | Place    | Note
-------+----------+-------------------------------------------
     0 | D:1      | MajorAdolf the Naga Wanderer began the quest for the Orb.
     0 | D:1      | MajorAdolf set off with the following items: a +2 falchion,
                  | a +0 mace, 10 poisoned darts, a +0 dagger, a potion of
                  | lignification, a +0 leather armour.
     0 | D:1      | Reached XP level 1. HP: 15/15 MP: 1/1
   204 | D:1      | Reached XP level 2. HP: 20/22 MP: 2/2
   744 | D:2      | Reached skill level 5 in Long Blades
   744 | D:2      | Reached XP level 3. HP: 20/28 MP: 3/3
   782 | D:2      | Noticed Natasha
   789 | D:2      | Killed Natasha
   941 | D:2      | Reached XP level 4. HP: 27/36 MP: 4/4
  1138 | D:2      | Noticed Natasha
  1147 | D:2      | Killed Natasha
  1324 | D:2      | Noticed Natasha
  1331 | D:2      | Killed Natasha
  1332 | D:2      | Reached skill level 6 in Long Blades
  1605 | D:2      | Reached XP level 5. HP: 23/42 MP: 5/5
  2312 | D:3      | Identified the +1 flail "Raskorch" {flame, *Corrode Will+
                  | Int+3 Stlth+}
  3005 | D:3      | Reached skill level 7 in Long Blades
  3238 | D:3      | Noticed Ijyb
  3254 | D:3      | Killed Ijyb
  3255 | D:3      | Reached XP level 6. HP: 16/49 MP: 6/6
  4032 | D:4      | Found Poghuw's Weapon Shop.
  4535 | D:4      | Found a glowing golden altar of the Shining One.
  4778 | D:4      | Found a runed translucent door.
  4779 | D:4      | Noticed Crazy Yiuf
  4838 | D:4      | Found a staircase to the Ecumenical Temple.
  4849 | Temple   | Entered the Ecumenical Temple
  5041 | D:5      | Entered Level 5 of the Dungeon
  5117 | D:5      | Reached skill level 8 in Long Blades
  5150 | D:5      | Noticed a black bear
  5161 | D:5      | Killed a black bear
  5162 | D:5      | Reached XP level 7. HP: 55/55 MP: 7/7
  5507 | D:5      | Reached skill level 9 in Long Blades
  5628 | D:5      | Reached XP level 8. HP: 33/62 MP: 8/8
  5650 | D:5      | Reached skill level 10 in Long Blades
  6440 | D:5      | Reached skill level 11 in Long Blades
  6730 | D:6      | Found a stormy altar of Qazlal.
  6821 | D:6      | HP: 3/62 [centaur (4)]
  6824 | D:6      | Reached skill level 1 in Evocations
  6826 | D:6      | HP: 3/62 [gnoll/+0 club[a gnoll bouda] (2)]
  6827 | D:6      | Gained mutation: You occasionally shout uncontrollably at
                  | your foes. [potion of mutation]
  6827 | D:6      | Gained mutation: You are dopey. (Int -2) [potion of
                  | mutation]
  6827 | D:6      | Gained mutation: You are robust. (+10% HP) [potion of
                  | mutation]
  6829 | D:6      | Slain by a gnoll

Illustrated notes

Levels and vault maps discovered:
D:1:      minmay_arrival_open_corners, layout_basic
D:2:      layout_basic, uniq_natasha
D:3:      kennysheep_goblin_castle, layout_rooms
D:4:      layout_rooms, tso_oasis_becter, minmay_temple_entry_butterflies,
          serial_shops, nicolae_shop_bloodbath_and_beyond, dk_noncrumbling_3,
          hangedman_decor_riveting, uniq_crazy_yiuf_cottage
D:5:      layout_rooms, grunt_ministairs_13, minmay_misc_feat_five
D:6:      layout_basic, mainiacjoe_overflow_small_starburst,
          ebering_ghost_inner_flame
Temple:   nicolae_temple_no_exploring_needed

Skill      XL: |  1  2  3  4  5  6  7  8 |
---------------+-------------------------+-----
Long Blades    | 5 6 7 8 9 11 | 11.2
Evocations     | 1 |  1.2
Maces & Flails | |  2.0
Throwing       | |  2.6
Armour         | |  1.0

Action                     |  1- 3 |  4- 6 |  7- 9 || total
---------------------------+-------+-------+-------++-------
  Melee: Falchion          |    83 |   246 |   184 ||   513
         Punch             |       |     1 |     2 ||     3
  Throw: Dart              |       |    12 |       ||    12
Ability: Spit Poison       |     1 |    35 |    20 ||    56
    Use: Potion            |       |     1 |     6 ||     7
 Armour: Leather armour    |    27 |    77 |    50 ||   154
         Skin              |       |     8 |    83 ||    91
  Dodge: Dodged            |    51 |   131 |    62 ||   244
